 Dungeon Crawl Stone Soup version 0.26.0-3-g156281e41b (webtiles) character file.

Game seed: 3027660108663121622

1919 Clumpoid the Shield-Bearer (level 9, -2/73 HPs)
             Began as a Gnoll Fighter on Jan 9, 2021.
             Was a Believer of Makhleb.
             Slain by a two-headed ogre
             ... wielding a +0 giant spiked club
              (3 damage)
             ... on level 9 of the Dungeon.
             The game lasted 00:09:37 (6837 turns).

Clumpoid the Shield-Bearer (Gnoll Fighter)          Turns: 6837, Time: 00:09:37

Health: -2/73      AC: 14    Str: 18    XL:     9   Next: 16%
Magic:  0/15       EV:  6    Int: 15    God:    Makhleb [**....]
Gold:   192        SH: 11    Dex: 14    Spells: 16/16 levels left

rFire    . . .     SeeInvis .   a - +0 war axe
rCold    . . .     Faith    .   c - +0 kite shield
rNeg     . . .     Spirit   .   u - +0 plate armour
rPois    +         Reflect  .   (no helmet)
rElec    .         Harm     .   l - +0 cloak
rCorr    .         Rampage  .   (no gloves)
Will     .....                  (no boots)
Stlth    ..........             (no amulet)
HPRegen  0.22/turn              k - ring of stealth
MPRegen  0.14/turn              e - ring of poison resistance

@: no status effects
A: distributed training, fangs 1, strong nose
a: Renounce Religion, Minor Destruction


You were on level 9 of the Dungeon.
You worshipped Makhleb.
Makhleb was pleased with you.
You visited 1 branch of the dungeon, and saw 7 of its levels.

You collected 192 gold pieces.

Inventory:

Hand Weapons
 a - a +0 war axe (weapon)
Armour
 c - a +0 kite shield (worn)
 l - a +0 cloak (worn)
 u - a +0 plate armour (worn)
Jewellery
 e - a ring of poison resistance (right hand)
 k - a ring of stealth (left hand)
Wands
 p - a wand of flame (12)
 q - a wand of digging (3)
 s - a wand of enslavement (7)
 t - a wand of iceblast (2)
Scrolls
 b - a scroll of enchant armour
 g - 6 scrolls of amnesia
 m - 7 scrolls of identify
Potions
 d - 2 potions of might
 f - a potion of flight {unknown}
 h - 2 potions of haste {unknown}
 o - a potion of curing


   Skills:
 + Level 7.7 Fighting
 + Level 4.0 Short Blades
 + Level 4.0 Long Blades
 + Level 6.1 Axes
 + Level 4.0 Maces & Flails
 + Level 4.0 Polearms
 + Level 4.0 Staves
 + Level 4.0 Slings
 + Level 4.0 Bows
 + Level 4.0 Crossbows
 + Level 4.0 Throwing
 + Level 7.7 Armour
 + Level 4.0 Dodging
 + Level 4.0 Stealth
 + Level 7.7 Shields
 + Level 4.0 Unarmed Combat
 + Level 4.0 Spellcasting
 + Level 3.2 Conjurations
 + Level 3.2 Hexes
 + Level 3.2 Summonings
 + Level 3.2 Necromancy
 + Level 3.2 Translocations
 + Level 3.2 Transmutations
 + Level 3.2 Fire Magic
 + Level 3.2 Ice Magic
 + Level 3.2 Air Magic
 + Level 3.2 Earth Magic
 + Level 3.2 Poison Magic
 + Level 4.3 Invocations
 + Level 4.0 Evocations


You had 16 spell levels left.
You didn't know any spells.
Your spell library contained the following spells:

 Spells                   Type           Power        Failure   Level
 Confusing Touch          Hex            12%          100%        3
 Gell's Gravitas          Tloc           6%           100%        3
 Petrify                  Tmut/Erth      12%          100%        4
 Metabolic Englaciation   Hex/Ice        6%           100%        5
 Yara's Violent Unravell  Hex/Tmut       6%           100%        5


Dungeon Overview and Level Annotations

Branches:
Dungeon (9/15)
 Temple: D:4-7         Lair: D:8-11         Orc: D:9-12

Altars:
Elyvilon
Fedhas
Gozag
Makhleb
Ru
Uskayaw
Vehumet
Xom


Innate Abilities, Weirdness & Mutations

Your experience applies equally to all skills.
You have very sharp teeth.
Your uncanny sense of smell can sniff out nearby items.


Message History

The eye of draining gazes at you.
You feel your power leaking away. The eye of draining gazes at you.
You feel your power leaking away.
Evoke which item? (* to show all) (? for menu, Esc to quit)
Aiming: Iceblast
Press: ? - help, Shift-Dir - straight line, f - two-headed ogre
Aim: a two-headed ogre, wielding a +0 giant spiked club and a +0 giant club (heavily wounded)
The mass of ice explodes!
The iceblast engulfs the two-headed ogre!
The two-headed ogre is severely wounded.
The iceblast engulfs the adder!
You kill the adder!
Makhleb accepts your kill.
You slash the two-headed ogre!
The two-headed ogre is almost dead.
The two-headed ogre hits you with a +0 giant spiked club!
* * * LOW HITPOINT WARNING * * *
The two-headed ogre hits you with a +0 giant club.
You die...

#..# ##' #.## #.
#.# #. ##.# #. ##+#
#..# #. .....
##'#### #.
.....G#### #.....#
#.
.....zz..####.....#
#.
......##..O@'.....#
..... ######.....#
.... #.....# ###
#.....+ #.....#
###+###


You could see a two-headed ogre, an eye of draining and 2 wights.

Vanquished Creatures
  A water moccasin (D:5)
  A sky beast (D:2)
  An ice beast (D:4)
  2 orc warriors
  A phantom (D:6)
  3 ogres
  A bullfrog (D:6)
  A howler monkey (D:5)
  3 wights (D:9)
  A crimson imp (D:4)
  A hound (D:6)
  A jelly (D:6)
  3 orc priests
  2 bullfrog skeletons (D:5)
  2 orc wizards (D:4)
  2 iguanas
  6 worker ants
  A hound skeleton (D:9)
  A worker ant zombie (D:5)
  10 gnolls
  10 adders
  A shadow imp (D:5)
  2 white imps (D:6)
  2 ufetubi (D:5)
  2 adder zombies
  4 worms (D:2)
  3 dart slugs
  4 leopard geckos
  15 orcs
  A ball python (D:2)
  6 bats
  6 giant cockroaches
  7 goblins
  12 hobgoblins
  10 jackals
  3 quokkas
  5 frilled lizards
  2 jackal skeletons
  8 kobolds
  11 rats
158 creatures vanquished.

Vanquished Creatures (others)
  A gnoll (D:6)
1 creature vanquished.

Grand Total: 159 creatures vanquished

Notes
Turn   | Place    | Note
-------+----------+-------------------------------------------
     0 | D:1      | Clumpoid the Gnoll Fighter began the quest for the Orb.
     0 | D:1      | Reached XP level 1. HP: 23/23 MP: 1/1
   249 | D:1      | Reached XP level 2. HP: 29/29 MP: 2/2
   398 | D:1      | Reached XP level 3. HP: 35/35 MP: 3/3
   901 | D:2      | Found a shimmering altar of Xom.
   907 | D:2      | Reached skill level 1 in Invocations
   935 | D:2      | Reached skill level 1 in Short Blades
   935 | D:2      | Reached skill level 1 in Long Blades
   935 | D:2      | Reached skill level 1 in Maces & Flails
   935 | D:2      | Reached skill level 1 in Polearms
   935 | D:2      | Reached skill level 1 in Staves
   935 | D:2      | Reached skill level 1 in Slings
   935 | D:2      | Reached skill level 1 in Bows
   935 | D:2      | Reached skill level 1 in Crossbows
   935 | D:2      | Reached skill level 1 in Throwing
   935 | D:2      | Reached skill level 1 in Dodging
   935 | D:2      | Reached skill level 1 in Stealth
   935 | D:2      | Reached skill level 1 in Unarmed Combat
   935 | D:2      | Reached skill level 1 in Spellcasting
   935 | D:2      | Reached skill level 1 in Evocations
   970 | D:2      | Noticed a sky beast
   983 | D:2      | Killed a sky beast
   984 | D:2      | Reached skill level 1 in Conjurations
   984 | D:2      | Reached skill level 1 in Hexes
   984 | D:2      | Reached skill level 1 in Summonings
   984 | D:2      | Reached skill level 1 in Necromancy
   984 | D:2      | Reached skill level 1 in Translocations
   984 | D:2      | Reached skill level 1 in Transmutations
   984 | D:2      | Reached skill level 1 in Fire Magic
   984 | D:2      | Reached skill level 1 in Ice Magic
   984 | D:2      | Reached skill level 1 in Air Magic
   984 | D:2      | Reached skill level 1 in Earth Magic
   984 | D:2      | Reached skill level 1 in Poison Magic
   984 | D:2      | Reached XP level 4. HP: 33/41 MP: 4/6
   984 | D:2      | Reached XP level 5. HP: 38/47 MP: 4/7
  2056 | D:3      | Found an opulent altar of Gozag.
  2578 | D:3      | Noticed an ogre
  2586 | D:3      | Killed an ogre
  2587 | D:3      | Reached XP level 6. HP: 23/53 MP: 8/8
  2759 | D:3      | Found a sacrificial altar of Ru.
  2825 | D:3      | Found a hide-covered altar of Uskayaw.
  2825 | D:3      | Found a blossoming altar of Fedhas.
  2851 | D:3      | Found a white marble altar of Elyvilon.
  2868 | D:3      | Reached skill level 5 in Axes
  3060 | D:4      | Noticed an ice beast
  3081 | D:4      | Killed an ice beast
  3417 | D:4      | Reached XP level 7. HP: 59/59 MP: 10/10
  3643 | D:4      | Found a burning altar of Makhleb.
  3643 | D:4      | Found a radiant altar of Vehumet.
  3665 | D:4      | Became a worshipper of Makhleb the Destroyer
  4314 | D:5      | Entered Level 5 of the Dungeon
  4624 | D:5      | Reached * piety under Makhleb
  4633 | D:5      | Reached XP level 8. HP: 56/67 MP: 12/12
  4951 | D:5      | Found a blossoming altar of Fedhas.
  6125 | D:6      | HP: 2/67 [orc warrior/+0 hand axe (17)]
  6494 | D:6      | You fall into a shaft and drop 3 floors!
  6508 | D:9      | Reached XP level 9. HP: 72/72 MP: 14/14
  6524 | D:9      | Reached ** piety under Makhleb
  6822 | D:9      | Noticed a two-headed ogre
  6837 | D:9      | HP: 1/73 [two-headed ogre/+0 giant spiked club (15)]
  6837 | D:9      | Slain by a two-headed ogre

Illustrated notes

Levels and vault maps discovered:
D:1:      giann_horns, layout_loops_ring
D:2:      layout_basic, nicolae_overflow_crystal_walls, minmay_misc_feat_rows
D:3:      layout_rooms, elyvilon_altar_4, marbit_many_paths,
          gammafunk_temple_overflow_elements, nicolae_gozag_seed_capital
D:4:      layout_basic, grunt_temple_overflow_lords_of_destruction
D:5:      layout_basic, basic_altar
D:6:      layout_loops_cross, basic_altar, nicolae_ru_great_annihilating_truth,
          uniq_menkaure
D:9:      layout_roguey, lair_entry_dummy

Skill      XL: |  1  2  3  4  5  6  7  8  9 |
---------------+----------------------------+-----
Invocations    | 1 2 3 4 |  4.3
Short Blades   | 1 2 3 4 |  4.0
Long Blades    | 1 2 3 4 |  4.0
Maces & Flails | 1 2 3 4 |  4.0
Polearms       | 1 2 3 4 |  4.0
Staves         | 1 2 3 4 |  4.0
Slings         | 1 2 3 4 |  4.0
Bows           | 1 2 3 4 |  4.0
Crossbows      | 1 2 3 4 |  4.0
Throwing       | 1 2 3 4 |  4.0
Dodging        | 1 2 3 4 |  4.0
Stealth        | 1 2 3 4 |  4.0
Unarmed Combat | 1 2 3 4 |  4.0
Spellcasting   | 1 2 3 4 |  4.0
Evocations     | 1 2 3 4 |  4.0
Conjurations   | 1 2 3 |  3.2
Hexes          | 1 2 3 |  3.2
Summonings     | 1 2 3 |  3.2
Necromancy     | 1 2 3 |  3.2
Translocations | 1 2 3 |  3.2
Transmutations | 1 2 3 |  3.2
Fire Magic     | 1 2 3 |  3.2
Ice Magic      | 1 2 3 |  3.2
Air Magic      | 1 2 3 |  3.2
Earth Magic    | 1 2 3 |  3.2
Poison Magic   | 1 2 3 |  3.2
Axes           | 5 6 |  6.1
Fighting       | 7 |  7.7
Armour         | 7 |  7.7
Shields        | 7 |  7.7

Action                   |  1- 3 |  4- 6 |  7- 9 || total
-------------------------+-------+-------+-------++-------
Melee: War axe           |    86 |   137 |   309 ||   532
       Bite              |     4 |    18 |    44 ||    66
Evoke: Wand              |       |       |     6 ||     6
  Use: Scroll            |     4 |     4 |     3 ||    11
       Potion            |     1 |     3 |     3 ||     7
Armor: Scale mail        |    21 |       |       ||    21
       Chain mail        |    18 |    52 |   143 ||   213
Dodge: Dodged            |    20 |    39 |    91 ||   150
Block: Kite shield       |    32 |    79 |   194 ||   305
